AoeStats
← Sodythaek

Arabia

510181952Analyzed
1v1 RM · 3d ago on Sep 29, 2026· 61m 47s· 2 players
Game mode
Random Map
Map size
Tiny (2 player)
Population
200
Speed
Normal
Resources
Standard
Victory
Conquest
Starting age
Dark Age
Ending age
Imperial Age
RankedLock teamsTeams togetherTeam positionsShared explorationLock speedFull tech treeHidden civsTurbo modeCheats
Victory
Defeat
🇦🇷 Britons · Argentina
1224
+17
🇫🇷 Berbers · France
1255
-17
Panchopanza
4:30 Loom
11:27 Feudal Age
12:38 Double-Bit Axe
12:34 Horse Collar
13:56 Wheelbarrow
21:25 Castle Age
19:48 Fletching
20:29 Padded Archer Armor
21:38 Pikeman
22:53 Bow Saw
22:44 Heavy Plow
22:13 Crossbowman
25:08 Scale Mail Armor
26:10 Forging
27:30 Gold Mining
28:39 Chain Mail Armor
29:00 Iron Casting
30:42 Bodkin Arrow
31:03 Leather Archer Armor
32:05 Squires
31:51 Gambesons
31:52 Arson
42:05 Imperial Age
41:01 Ballistics
42:32 Halberdier
44:54 Plate Mail Armor
46:20 Blast Furnace
45:21 Bracer
44:47 Arbalester
47:53 Chemistry
47:24 Conscription
47:05 Warwolf
46:34 Man-at-Arms
47:24 Long Swordsman
48:47 Town Watch
50:28 Yeomen
49:58 Two-Handed Swordsman
51:16 Ring Archer Armor
51:15 Champion
62:49 Two-Man Saw
Sodythaek
7:02 Loom
9:25 Feudal Age
11:00 Double-Bit Axe
13:44 Scale Barding Armor
17:34 Horse Collar
20:58 Castle Age
19:32 Bloodlines
19:51 Forging
20:09 Gold Mining
22:06 Chain Barding Armor
22:26 Iron Casting
22:16 Bow Saw
22:25 Heavy Plow
27:45 Husbandry
30:33 Wheelbarrow
33:55 Stone Mining
40:06 Imperial Age
37:56 Hand Cart
37:28 Town Watch
39:48 Stone Shaft Mining
40:21 Capped Ram
41:51 Plate Barding Armor
40:40 Cavalier
46:26 Blast Furnace
45:17 Fletching
45:27 Padded Archer Armor
48:28 Elite Skirmisher
49:17 Thumb Ring
49:28 Bodkin Arrow
49:49 Leather Archer Armor
51:05 Crop Rotation
51:17 Bracer
51:48 Ring Archer Armor
52:42 Ballistics
53:22 Chemistry
53:18 Gold Shaft Mining
56:42 Light Cavalry
Connection lost

Rejoining the realm…

Still unreachable

The connection could not be restored.

Session expired

The server has moved on; the page needs a fresh start.